 Dungeon Crawl Stone Soup version 0.24.0-13-gcf9b319 (webtiles) character file.

Game seed: 13464194748117117658, levelgen mode: deterministic

32 Bronimir the Chopper (level 3, 0/27 HPs)
             Began as a Demonspawn Gladiator on Apr 4, 2020.
             Slain by Natasha (5 damage)
             ... on level 2 of the Dungeon.
             The game lasted 00:01:13 (920 turns).

Bronimir the Chopper (Demonspawn Gladiator)          Turns: 920, Time: 00:01:13

Health: 0/27       AC:  7    Str: 15    XL:     3   Next: 10%
Magic:  3/3        EV: 10    Int:  9    God:
Gold:   12         SH:  4    Dex: 14    Spells: 2/2 levels left

rFire    . . .     SeeInvis .   a - +0 war axe
rCold    . . .     Gourm    .   (no shield)
rNeg     . . .     Faith    .   m - +0 scale mail (curse)
rPois    .         Spirit   .   c - +0 helmet
rElec    .         Reflect  .   (no cloak)
rCorr    .         Harm     .   (no gloves)
MR       .....                  (no boots)
Stlth    ..........             (no amulet)
HPRegen  0.09/turn              (no ring)
MPRegen  0.08/turn              (no ring)

@: slowed, very slow
A: hooves 1, large bone plates 1
a: no special abilities


You were on level 2 of the Dungeon.
You were not hungry.

You visited 1 branch of the dungeon, and saw 2 of its levels.

You collected 12 gold pieces.

Inventory:

Hand Weapons
 a - a +0 war axe (weapon)
Missiles
 d - 3 throwing nets
 e - 13 poisoned darts (quivered)
 j - 23 arrows
 l - 15 sling bullets
Armour
 b - a +0 leather armour
 c - a +0 helmet (worn)
 m - a cursed +0 scale mail (worn)
Scrolls
 g - a scroll of teleportation {unknown}
 h - a scroll of enchant weapon {unknown}
Potions
 i - a potion of agility {unknown}
 k - a potion of berserk rage {unknown}
Comestibles
 f - 2 rations


   Skills:
 * Level 2.1 Fighting
 * Level 3.2 Axes
 + Level 1.9 Throwing
 * Level 0.4 Armour
 * Level 3.1 Dodging


You had 2 spell levels left.
You didn't know any spells.
Your spell library was empty.

Dungeon Overview and Level Annotations

Branches:
Dungeon (2/15)

Altars:

Annotations:
D:2 Natasha


Innate Abilities, Weirdness & Mutations

You have large cloven feet.
You are partially covered in large bone plates. (SH +4)


Message History

Natasha is heavily wounded.
Natasha growls.
Natasha claws you. You block the gnoll's attack. Natasha claws you.
Your scale mail prevents you from hitting Natasha.
Your kick misses Natasha.
Natasha is heavily wounded.
The gnoll hits you from afar with a +0 spear.
* * * LOW HITPOINT WARNING * * *
Natasha casts a spell at you.
You feel yourself slow down. You block the gnoll's attack.
You hit Natasha. Your kick misses Natasha.
Natasha is heavily wounded.
Natasha claws you.
* * * LOW HITPOINT WARNING * * *
The gnoll barely misses you. Natasha barely misses you.
The gnoll hits you but does no damage.
You miss Natasha. Your kick misses Natasha.
Natasha is heavily wounded.
Natasha claws you.
You die...

......# #.#<# ###
##.##.# #.#.#....
#.##.# #.#.#....
#.##.# #gg......
#.##.# #g.......
#.##.# #hg....##
#.##.# #.#.#.##
#.##.#
#########g#<#.##
#.##†#
#.....@hgg.[.....
#.##.#
#.#######.#.#.###
#.##.#
#>.............
#.##.#
#.#######.#.#.##
#.##.# #.#
#.#.#.# ##.##.#
#.# #.# # #
...##.# #.# #.#
#####.#####.# .#
#.......#


You could see Natasha and 3 gnolls.

Vanquished Creatures
  An adder (D:2)
  An ooze (D:1)
  2 dart slugs
  2 leopard geckos (D:1)
  2 hobgoblins
  2 kobolds
  2 bats
  3 rats (D:1)
15 creatures vanquished.

Notes
Turn   | Place    | Note
-------+----------+-------------------------------------------
     0 | D:1      | Bronimir the Demonspawn Gladiator began the quest for the
                  | Orb.
     0 | D:1      | Reached XP level 1. HP: 16/16 MP: 1/1
   261 | D:1      | Gained mutation: You are partially covered in large bone
                  | plates. (SH +4) [demonic ancestry]
   261 | D:1      | Reached XP level 2. HP: 19/22 MP: 2/2
   872 | D:2      | Gained mutation: You have large cloven feet. [demonic
                  | ancestry]
   872 | D:2      | Reached XP level 3. HP: 22/27 MP: 3/3
   907 | D:2      | Noticed Natasha
   920 | D:2      | Slain by Natasha

Levels and vault maps discovered:
D:1:      sevenhm_arrival_forest_fort_small_3, layout_basic
D:2:      layout_basic, uniq_natasha, uniq_crazy_yiuf_cottage

Skill      XL: |  1  2 |
---------------+-------+-----
Axes           | 3 |  3.2
Dodging        | 3 |  3.1
Fighting       | |  2.1
Throwing       | |  1.9
Armour         | |  0.4

Action                   || total
-------------------------++-------
Melee: War axe           ||    56
       Kick              ||     3
Throw: Dart              ||     4
 Stab: Sleeping          ||     2
Armor: Leather armour    ||    12
       Scale mail        ||     3
Dodge: Dodged            ||    49
Block: Other             ||    16
